 Dungeon Crawl Stone Soup version 0.31-a0-83-gbff143cfd1 (webtiles) character file.

Game seed: 16552736697491706973

108 Strat the Sneak (level 5, -17/32 HPs)
             Began as a Kobold Brigand on May 24, 2023.
             Demolished by an ogre
             ... wielding a +0 giant club
              (27 damage)
             ... on level 4 of the Dungeon.
             The game lasted 00:03:29 (2391 turns).

Strat the Sneak (Kobold Brigand)                    Turns: 2391, Time: 00:03:29

Health: -17/32     AC:  7    Str:  8    XL:     5   Next: 12%
Magic:  5/5        EV: 15    Int: 12    God:
Gold:   217        SH:  0    Dex: 19    Spells: 4/4 levels left

rFire   . . .        a - +2 dagger
rCold   . . .        (no shield)
rNeg    . . .        u - +0 robe
rPois   .            (no helmet)
rElec   .            c - +0 cloak
rCorr   .            (no gloves)
SInv    .            (no boots)
Will    .....        (no amulet)
Stlth   ++++         f - +4 ring of protection
HPRegen 0.25/turn    (no ring)
MPRegen 0.09/turn

%: no passive effects
@: no status effects
A: small, no large weapons, nightstalker 3
a: no special abilities


You were on level 4 of the Dungeon.
You visited 1 branch of the dungeon, and saw 4 of its levels.

You collected 217 gold pieces.

Inventory:

Hand Weapons
 a - a +2 dagger (weapon)
 b - a +0 rapier
Missiles
 d - 23 poisoned darts (quivered)
 e - 6 curare-tipped darts
 p - 2 atropa-tipped darts
Armour
 c - a +0 cloak (worn)
 u - a +0 robe (worn)
Jewellery
 f - a +4 ring of protection (left hand)
Scrolls
 g - 3 scrolls of enchant armour {unknown}
 h - a scroll of torment {unknown}
 j - 2 scrolls of identify {unknown}
 k - 2 scrolls of enchant weapon {unknown}
 l - a scroll of noise {unknown}
 m - 3 scrolls of teleportation {unknown}
 n - a scroll of poison {unknown}
 o - a scroll of amnesia {unknown}
Potions
 i - a potion of haste {unknown}
 q - a potion of brilliance {unknown}
 r - a potion of heal wounds {unknown}
 s - a potion of degeneration {unknown}
 t - a potion of magic {unknown}


   Skills:
 + Level 3.0 Fighting
 * Level 4.6 Short Blades
 - Level 2.1 Throwing
 + Level 2.5 Dodging
 + Level 6.0 Stealth


You had 4 spell levels left.
You didn't know any spells.
Your spell library contained the following spells:

 Spells                   Type           Power      Damage    Failure   Level
 Necrotise                Necr           0%         1d4       32%         1
 Lesser Beckoning         Tloc           0%         N/A       45%         2
 Gell's Gravitas          Tloc           0%         N/A       69%         3
 Teleport Other           Tloc           0%         N/A       69%         3
 Vampiric Draining        Necr           0%         2d6       69%         3
 Agony                    Necr           0%         N/A       100%        5


Dungeon Overview and Level Annotations

Branches:
Dungeon (4/15)
 Temple: D:4-7

Altars:
Elyvilon
The Shining One


Innate Abilities, Weirdness & Mutations

You are small and have problems with some larger weapons.
You are completely attuned to the shadows.


Message History

The kobold hits you but does no damage.
You hit the kobold.
You kill the kobold!
You barely miss the goblin. The goblin closely misses you.
You hit the goblin.
The goblin is heavily wounded.
You hit the goblin.
You kill the goblin!
You hear a splash.
You see here a +0 short sword.
You enter the shallow water.
Moving in this stuff is going to be slow.
You see here a worm corpse.
Found a club.
Done exploring.
Done exploring.
You see here a +0 club.
There is a stone staircase leading down here.
You climb downwards.
There is a stone staircase leading up here.
Adjust (i)tems, (s)pells, or (a)bilities?
u - a +0 rapier Adjust to which letter? (? for menu, Esc to quit)
b - a +0 rapier;
u - a +0 robe (worn)
An ogre comes into view. It is wielding a +0 giant club.
The ogre shouts!
The ogre closely misses you.
You hit the ogre.
The ogre is lightly wounded.
You hit the ogre.
The ogre is lightly wounded.
The ogre hits you with a +0 giant club!!
Ouch! That really hurt!
* * * LOW HITPOINT WARNING * * *
You barely miss the ogre.
The ogre is lightly wounded.
The ogre attacks as you move away!
The ogre hits you with a +0 giant club!!
Ouch! That really hurt!
You die...

#.#
#.........
#.#
##...#####
#.# ##<##
#.# ###
#.# #.#
#.# #.#
#@# #O....
######


You could see an ogre.

Vanquished Creatures
  2 adders (D:2)
  3 worms
  3 dart slugs
  An orc (D:3)
  9 ball pythons
  3 endoplasms
  11 goblins
  9 hobgoblins
  4 quokkas
  9 bats
  2 frilled lizards
  9 kobolds
  6 rats
  A spectral kobold (D:1)
72 creatures vanquished.

Notes
Turn   | Place    | Note
-------+----------+-------------------------------------------
     0 | D:1      | Strat the Kobold Brigand began the quest for the Orb.
     0 | D:1      | Reached XP level 1. HP: 12/12 MP: 1/1
   116 | D:1      | Reached XP level 2. HP: 18/18 MP: 2/2
   393 | D:1      | Reached XP level 3. HP: 22/22 MP: 3/3
   567 | D:1      | Found a faded altar of an unknown god.
  1051 | D:2      | Reached XP level 4. HP: 21/27 MP: 4/4
  1692 | D:3      | Found a glowing golden altar of the Shining One.
  2038 | D:3      | Reached skill level 6 in Stealth
  2189 | D:3      | Reached XP level 5. HP: 32/32 MP: 5/5
  2197 | D:3      | Found a white marble altar of Elyvilon.
  2384 | D:4      | Noticed an ogre
  2391 | D:4      | Demolished by an ogre

Illustrated notes

Levels and vault maps discovered:
D:1:      erik_arrival_cave_to_civilisation [erik_arrival_cave_to_hall],
          layout_loops_ring, dreamdust_ecumenical_altar_drowned_temple,
          grunt_decor_fettered
D:2:      layout_rooms
D:3:      layout_basic, mainiacjoe_overflow_catwalk,
          mainiacjoe_overflow_surrounded_room, serial_bayou_pond_b,
          minmay_goblin_kobold_house
D:4:      layout_loops_ring, serial_park_tiny_2

Skill      XL: |  1  2  3  4 |
---------------+-------------+-----
Short Blades   | 3 4 |  4.6
Dodging        | 2 |  2.5
Stealth        | 6 |  6.0
Fighting       | 3 |  3.0
Throwing       | |  2.1

Action                     |  1- 3 |  4- 6 || total
---------------------------+-------+-------++-------
  Melee: Dagger            |    61 |    96 ||   157
         Punch             |     1 |     1 ||     2
   Stab: Sleeping          |    21 |    14 ||    35
 Armour: Robe              |    10 |    19 ||    29
  Dodge: Dodged            |    21 |    64 ||    85

Table legend: (Time is in decaauts)
 A = Elapsed time spent in this place.
 B = Non-inter-level travel time spent in this place.
 C = Inter-level travel time spent in this place.
 D = Time resting spent in this place.
 E = Time spent auto-exploring this place.
 F = Levels seen in this place.
 G = Mean time per level.
                   A        B        C        D        E       F      G
               +--------+--------+--------+--------+--------+-----+--------+
         Total |   2379 |   2295 |     84 |     57 |   1793 |   4 |  594.8 |
       Dungeon |   2379 |   2295 |     84 |     57 |   1793 |   4 |  594.8 |
               +--------+--------+--------+--------+--------+-----+--------+

Top non-repeatable levels by time:
     D:1: 1016 daAuts
     D:3: 847 daAuts
     D:2: 488 daAuts
     D:4: 27 daAuts
